Map: Blackpink LE

Players

Probe - Winner!

  • Race: Protoss Protoss
  • Spawn Location: 7:00

Mamba

  • Race: Zerg Zerg
  • Spawn Location: 1:00

Event: IEM Season 12 - Katowice

VOD

Have the link to the VOD?

Description

Time

  • Played on: Feb. 26, 2018, 5:07 a.m.
  • Length: 10:52

All games in this series

Show
View Real Time Build Order
Export as new Build Order

Probe Protoss - Winner!

Build Orders: 1 Gate Expand, Oracle Opening, Phoenix Opening 

Get SALT Encoding   

  12  0:00  Probe  
  13  0:12  Probe  
  14  0:18  Pylon  
  14  0:24  Probe  
  15  0:37  Probe (Chrono Boost)  
  15  0:38  Gateway  
  16  0:47  Probe (Chrono Boost), Assimilator  
  17  0:52  Probe (Chrono Boost)  
  18  1:03  Probe  
  19  1:15  Probe  
  20  1:23  Nexus  
  20  1:33  Cybernetics Core  
  20  1:36  Probe  
  21  1:41  Assimilator  
  21  1:48  Probe  
  21  1:52  Pylon  
  22  2:00  Probe  
  23  2:08  Adept (Chrono Boost)  
  23  2:10  Warp Gate  
  23  2:12  Probe (Chrono Boost)  
  27  2:24  Probe (Chrono Boost)  
  27  2:27  Adept  
  29  2:30  Probe (Chrono Boost)  
  29  2:34  Stargate  
  29  2:35  Probe  
  31  2:43  Probe (Chrono Boost)  
  32  2:47  Probe (Chrono Boost)  
  33  2:54  Adept  
  33  2:57  Gateway  
  33  2:58  Probe (Chrono Boost)  
  36  2:59  Probe (Chrono Boost)  
  36  3:05  Probe  
  38  3:06  Probe  
  39  3:14  Pylon  
  39  3:17  Probe, Phoenix (Chrono Boost)  
  39  3:18  Probe  
  43  3:29  Probe  
  43  3:31  Probe  
  43  3:33  Oracle (Chrono Boost)  
  48  3:41  Probe  
  48  3:42  Pylon  
  48  3:43  Probe, Assimilator x2  
  50  3:49  Gateway  
  50  3:56  Probe x2  
  50  4:00  Pylon  
  52  4:03  Oracle (Chrono Boost)  
  55  4:10  Probe  
  55  4:11  Probe, Robotics Facility  
  57  4:17  Adept  
  57  4:23  Probe x2  
  61  4:35  Probe  
  61  4:36  Nexus  
  61  4:37  Pylon  
  62  4:41  Sentry  
  62  4:45  Adept  
  66  4:47  Probe  
  66  4:50  Pylon  
  67  4:57  Adept  
  67  4:58  Shield Battery  
  69  5:00  Probe x2  
  69  5:01  Observer  
  72  5:08  Robotics Bay  
  72  5:10  Forge  
  72  5:12  Probe  
  73  5:15  Probe  
  73  5:16  Sentry  
  73  5:18  Sentry  
  78  5:23  Pylon  
  78  5:24  Probe  
  78  5:27  Probe  
  80  5:32  Protoss Ground Weapons Level 1 (Chrono Boost), Immortal (Chrono Boost)  
  84  5:41  Probe  
  85  5:50  Twilight Council  
  85  5:51  Probe x2  
  87  6:00  Probe, Colossus (Chrono Boost)  
  87  6:03  Probe x2  
  96  6:12  Probe  
  96  6:14  Assimilator  
  96  6:15  Probe, Assimilator  
  96  6:16  Extended Thermal Lance  
  96  6:17  Probe, Shield Battery  
  99  6:24  Probe  
  100  6:27  Probe  
  100  6:29  Probe  
  102  6:36  Probe  
  102  6:39  Probe  
  104  6:40  Zealot  
  104  6:41  Probe  
  104  6:43  Blink (Chrono Boost)  
  104  6:46  Pylon  
  107  6:47  Pylon x2  
  107  6:51  Pylon, Warp Prism (Chrono Boost)  
  109  6:59  Pylon  
  109  7:04  Gateway  
  109  7:05  Gateway  
  109  7:07  Gateway  
  109  7:08  Gateway  
  109  7:10  Zealot, Sentry x2, Gateway  
  115  7:16  Gateway x2  
  115  7:18  Protoss Ground Weapons Level 2  
  115  7:26  Colossus (Chrono Boost)  
  121  7:38  Stalker  
  121  7:39  Stalker x2  
  121  7:40  Pylon  
  121  7:41  Pylon  
  127  7:55  Nexus  
  127  8:04  Sentry  
  127  8:05  Sentry, Stalker x2  
  131  8:06  Stalker x2  
  137  8:13  Colossus (Chrono Boost)  
  137  8:17  Pylon  
  143  8:20  Pylon  
  143  8:22  Stalker x2  
  143  8:23  Stalker  
  149  8:28  Stalker x3  
  149  8:30  Charge  
  149  8:34  Photon Cannon  
  153  8:42  Stalker x3  
  153  8:47  Sentry x2  
  163  8:51  Zealot x3  
  169  8:56  Stalker  
  169  9:00  Stalker  
  171  9:13  Stalker x4  
  171  9:16  Probe x2  
  167  9:21  Sentry x2  
  165  9:36  Stalker x3  
  165  9:38  Probe x2  
  171  9:48  Templar Archives  
  159  10:03  Stalker  
  159  10:04  Stalker x3  
  159  10:05  Probe  
  159  10:06  Probe  
  142  10:07  Probe  
  142  10:08  Probe  
  140  10:17  Probe  
  140  10:18  Probe  
  122  10:22  Stalker  
  122  10:23  Stalker x3  
  124  10:34  Probe  
  125  10:42  Stalker x6  
Show
View Real Time Build Order
Export as new Build Order

Mamba Zerg 

Build Orders: Hatch First 

Get SALT Encoding   

  12  0:00  Drone  
  13  0:12  Overlord  
  13  0:17  Drone  
  14  0:31  Drone x2  
  14  0:35  Drone  
  17  0:52  Hatchery  
  17  0:55  Drone  
  17  0:58  Drone  
  17  1:04  Extractor  
  17  1:13  Spawning Pool  
  17  1:15  Drone  
  17  1:19  Drone  
  18  1:28  Drone  
  19  1:40  Overlord  
  19  1:50  Drone  
  20  2:00  Queen  
  22  2:01  Zergling x2  
  22  2:03  Queen  
  22  2:04  Zergling x2  
  22  2:08  Metabolic Boost  
  26  2:13  Drone  
  28  2:15  Drone  
  29  2:22  Drone  
  29  2:25  Drone  
  30  2:35  Hatchery  
  29  2:38  Drone  
  29  2:39  Drone  
  31  2:48  Queen  
  33  2:53  Overlord  
  33  2:56  Drone x2  
  33  2:58  Drone  
  36  3:13  Drone x3  
  36  3:14  Drone x2  
  36  3:18  Overlord  
  41  3:23  Drone  
  41  3:26  Queen  
  42  3:34  Evolution Chamber, Drone  
  43  3:40  Overlord  
  44  3:43  Overlord  
  44  3:45  Drone  
  45  3:49  Drone x4, Queen  
  51  3:57  Overlord x2  
  51  4:00  Zerg Melee Weapons Level 1  
  51  4:03  Spore Crawler  
  51  4:07  Drone x3  
  51  4:08  Drone  
  54  4:11  Drone  
  54  4:12  Drone  
  54  4:13  Zergling x2  
  54  4:17  Drone x2  
  59  4:18  Drone  
  59  4:20  Drone  
  59  4:21  Drone  
  62  4:26  Zergling x6  
  62  4:30  Drone x2  
  67  4:37  Drone x5  
  72  4:42  Drone  
  72  4:49  Drone x5, Extractor, Baneling Nest  
  72  4:50  Extractor  
  72  4:52  Extractor  
  73  4:54  Spore Crawler  
  73  4:55  Lair  
  73  4:56  Drone  
  73  4:57  Drone  
  74  5:00  Drone x4  
  78  5:11  Drone x4  
  78  5:13  Extractor  
  81  5:17  Overlord x2  
  81  5:20  Overlord  
  81  5:23  Overlord  
  80  5:30  Hatchery  
  80  5:33  Drone x3  
  78  5:44  Zergling x10  
  78  5:49  Drone x4  
  85  5:54  Centrifical Hooks  
  85  5:56  Drone, Hydralisk Den  
  85  5:57  Zerg Melee Weapons Level 2  
  85  6:03  Zergling x8  
  89  6:09  Overlord x2, Hatchery  
  88  6:22  Drone x7  
  95  6:29  Muscular Augments  
  95  6:30  Drone x6  
  101  6:34  Overseer  
  101  6:42  Overlord x2  
  101  6:43  Hydralisk  
  101  6:44  Hydralisk x4  
  111  6:50  Overlord  
  110  6:54  Hydralisk  
  110  6:55  Hydralisk x5  
  122  7:09  Spore Crawler, Queen  
  122  7:10  Extractor  
  122  7:11  Hydralisk x5  
  132  7:22  Extractor  
  132  7:24  Drone  
  132  7:25  Lurker Den  
  131  7:33  Zergling x26  
  143  7:41  Grooved Spines  
  143  7:49  Baneling  
  143  7:50  Baneling x14  
  142  7:52  Zergling x2  
  142  7:53  Zergling x26  
  151  8:00  Drone x3, Hatchery  
  152  8:10  Baneling  
  152  8:11  Baneling x14  
  151  8:14  Zergling x2  
  151  8:15  Zergling x10  
  157  8:22  Zerg Missile Weapons Level 1  
  157  8:35  Zergling x2  
  157  8:37  Overlord x6  
  157  8:45  Baneling x3  
  157  8:46  Baneling x11  
  156  8:51  Overlord x2  
  154  8:56  Zergling x2  
  154  8:57  Zergling x30  
  170  9:03  Infestation Pit, Zergling x12  
  170  9:04  Extractor  
  171  9:15  Zergling x14  
  174  9:18  Baneling  
  174  9:19  Baneling x6  
  174  9:21  Baneling x10  
  174  9:22  Baneling x7  
  155  9:35  Zergling x2  
  155  9:36  Zergling x30  
  154  9:42  Baneling  
  154  9:43  Baneling x17  
  154  9:44  Baneling x2  
  153  9:49  Zergling x8  
  141  10:05  Zergling x26  
  125  10:18  Zergling x14  
  125  10:19  Zergling x4  
  110  10:26  Hydralisk x2  

Tags
 
Add a new tag
Caveats
  • Supply blocks, unpowered buildings, or Contaminate may cause inaccurate times.
  • Supply counts are checked every 10 seconds.